Map: Neon Violet Square LE

Players

SPONZHER

  • Race: Terran Terran
  • League: Gold
  • Spawn Location: 5:00

CinDra - Winner!

  • Race: Zerg Zerg
  • League: Gold
  • Spawn Location: 11:00

VOD

Have the link to the VOD?

Description

Time

  • Played on: March 14, 2018, 10:56 p.m.
  • Length: 15:52
Show
View Real Time Build Order
Export as new Build Order

SPONZHER Terran 

Build Orders: MMM Bio 

Get SALT Encoding   

  12  0:01  SCV  
  13  0:13  SCV  
  14  0:20  Supply Depot  
  14  0:25  SCV  
  15  0:31  Refinery  
  15  0:41  SCV  
  16  0:47  Barracks  
  16  0:54  SCV  
  17  1:06  SCV  
  17  1:08  Barracks  
  18  1:14  Supply Depot  
  18  1:18  SCV  
  19  1:27  Refinery  
  19  1:30  SCV  
  20  1:34  Barracks Reactor  
  20  1:42  SCV  
  21  1:55  SCV  
  22  2:03  Factory  
  22  2:07  Barracks Tech Lab  
  22  2:08  SCV  
  23  2:09  Marine x2  
  25  2:20  SCV  
  26  2:26  Stimpack, Marine  
  27  2:32  SCV  
  28  2:39  Marine, Supply Depot  
  28  2:40  Marine  
  30  2:48  Factory Tech Lab  
  30  2:55  Orbital Command  
  30  3:07  Starport  
  30  3:15  Siege Tank  
  30  3:18  Marine  
  34  3:26  Marauder  
  36  3:27  Marine  
  37  3:37  Supply Depot  
  37  3:45  Starport Reactor, Marine x2  
  39  4:06  Siege Tank  
  42  4:17  Command Center  
  42  4:23  Medivac  
  44  4:33  Marine  
  44  4:34  Marauder  
  47  4:39  Medivac  
  49  4:50  Siege Tank  
  52  4:59  Concussive Shells, Marine  
  53  5:05  Marine  
  53  5:06  Marine  
  55  5:15  Medivac  
  55  5:21  Marine  
  58  5:23  Marine  
  58  5:27  Barracks  
  59  5:34  Orbital Command  
  59  5:53  Combat Shields  
  59  5:54  Marine  
  59  5:55  Hellion  
  62  6:00  Armory  
  62  6:02  SCV  
  63  6:15  Marine, Medivac  
  66  6:20  Barracks Reactor  
  66  6:24  SCV  
  67  6:33  Hellion  
  67  6:36  SCV  
  70  6:47  Marine x2, Marauder  
  70  6:48  SCV  
  70  6:49  Medivac  
  77  7:01  SCV  
  78  7:03  Supply Depot  
  78  7:24  SCV  
  78  7:25  Hellion  
  78  7:27  Refinery  
  81  7:32  Engineering Bay  
  81  7:37  SCV  
  82  7:47  Marine x2, Marauder  
  82  7:49  Command Center  
  86  8:00  Hellion  
  78  8:09  Marauder  
  78  8:11  Marine x2  
  73  8:20  Terran Infantry Weapons Level 1  
  73  8:21  Terran Vehicle Weapons Level 1  
  73  8:22  SCV  
  73  8:25  Refinery  
  74  8:30  Marauder  
  74  8:32  Infernal Pre-Igniter  
  74  8:34  SCV  
  77  8:35  Hellion  
  79  8:50  Supply Depot  
  79  8:55  SCV  
  80  9:02  Refinery  
  80  9:05  Orbital Command  
  80  9:07  SCV, Starport  
  80  9:09  Siege Tank  
  84  9:10  Marine  
  84  9:11  Marine, Marauder  
  88  9:36  Sensor Tower  
  88  9:44  Siege Tank  
  88  9:45  Command Center  
  91  9:52  SCV  
  92  9:56  Missile Turret  
  92  9:57  Starport Tech Lab  
  92  9:59  Marine  
  92  10:00  Marine, Marauder  
  92  10:01  Marine  
  97  10:21  Marauder  
  96  10:43  Siege Tank  
  96  10:44  Marine x2, Marauder  
  96  10:49  Raven  
  105  10:54  Refinery  
  105  10:57  Supply Depot  
  105  11:02  Liberator x2  
  105  11:03  Terran Vehicle Weapons Level 2, Terran Infantry Weapons Level 2  
  105  11:04  Missile Turret  
  105  11:06  Marauder  
  107  11:19  Supply Depot  
  107  11:25  Missile Turret  
  113  11:31  Marine x2  
  113  11:32  Marauder  
  117  11:38  Marine x2  
  119  11:42  Thor  
  125  11:49  Marine, Factory  
  125  11:53  Marauder  
  128  12:05  Marine  
  129  12:15  Marauder  
  131  12:23  Raven  
  133  12:39  Marauder  
  133  12:44  Marine x2  
  89  12:52  Marine x2  
  79  13:00  Marauder  
  79  13:04  Marine x2  
  76  13:10  Marine x2  
  76  13:11  Factory Tech Lab  
  78  13:21  Marine  
  78  13:22  Marauder  
  78  13:26  SCV  
  82  13:32  Marine x3, Raven  
  87  13:39  Marine  
  88  13:43  Marauder  
  88  13:46  Siege Tank  
  93  13:49  Siege Tank  
  93  13:50  Marine x3  
  99  13:57  Marine  
  100  14:04  Marauder  
  100  14:07  Marine  
  102  14:10  Command Center  
  101  14:17  Marine  
  101  14:18  Marine  
  98  14:26  Marauder  
  100  14:32  Siege Tank  
  102  14:47  Marauder  
  102  15:08  Marauder  
  104  15:22  Marine x3  
  113  15:29  SCV, Command Center  
  113  15:30  Marauder  
Show
View Real Time Build Order
Export as new Build Order

CinDra Zerg - Winner!

Build Orders: Hatch First 

Get SALT Encoding   

  12  0:00  Drone  
  13  0:13  Overlord  
  13  0:18  Drone  
  14  0:31  Drone  
  15  0:37  Drone  
  16  0:45  Drone  
  17  0:56  Hatchery, Drone  
  17  1:06  Extractor  
  16  1:13  Spawning Pool  
  16  1:16  Drone  
  16  1:22  Drone  
  17  1:28  Drone  
  18  1:39  Drone  
  19  1:49  Overlord  
  19  2:00  Queen  
  21  2:01  Zergling x2  
  21  2:08  Queen  
  22  2:10  Zergling x2  
  22  2:11  Zergling x2  
  26  2:15  Metabolic Boost  
  26  2:18  Drone  
  27  2:26  Drone  
  28  2:48  Queen  
  30  2:54  Drone x5  
  30  2:56  Overlord  
  35  3:09  Hatchery  
  34  3:13  Drone x2  
  36  3:29  Drone x7  
  36  3:33  Overlord  
  43  3:41  Drone  
  44  3:42  Overlord  
  44  3:51  Queen  
  44  3:53  Drone x2  
  48  4:05  Drone  
  48  4:06  Drone  
  50  4:11  Evolution Chamber  
  50  4:14  Drone  
  50  4:15  Drone, Roach Warren  
  50  4:16  Drone  
  50  4:17  Drone x3  
  54  4:37  Drone x6  
  60  4:41  Zerg Missile Weapons Level 1  
  60  4:46  Extractor  
  60  4:48  Extractor  
  60  4:49  Extractor  
  57  4:55  Drone x3  
  57  4:56  Drone  
  61  5:01  Roach  
  61  5:02  Overlord x4, Roach  
  61  5:03  Overlord x3  
  65  5:17  Drone  
  66  5:41  Lair, Pneumatized Carapace  
  66  5:47  Hatchery  
  65  5:54  Roach x8  
  65  5:56  Zergling x20  
  91  6:05  Drone x4  
  91  6:07  Drone  
  91  6:10  Spore Crawler  
  91  6:11  Drone  
  96  6:14  Drone, Spore Crawler  
  96  6:16  Spore Crawler  
  95  6:31  Roach x10  
  95  6:32  Overlord x2  
  115  6:33  Overlord  
  115  6:40  Drone, Extractor  
  115  6:43  Extractor  
  115  6:46  Queen  
  116  6:49  Roach x3  
  122  6:54  Zerg Missile Weapons Level 2  
  122  7:05  Roach x5  
  131  7:12  Drone x2, Hydralisk Den  
  132  7:18  Evolution Chamber  
  132  7:19  Glial Reconstitution  
  131  7:31  Roach x5  
  141  7:37  Drone x7  
  148  7:45  Overseer x2  
  148  7:46  Overseer  
  130  8:11  Hydralisk x7  
  130  8:12  Hydralisk x2  
  144  8:15  Drone  
  144  8:16  Drone x6  
  151  8:29  Overlord x8  
  151  8:40  Extractor  
  150  8:41  Overlord x2  
  150  8:42  Overlord x2  
  150  8:44  Extractor  
  150  8:48  Hydralisk x4  
  149  8:52  Zerg Ground Armor Level 1  
  149  8:54  Drone  
  149  8:55  Drone x2  
  160  8:58  Drone x3  
  160  9:00  Drone  
  164  9:04  Grooved Spines  
  164  9:09  Hydralisk x2  
  164  9:10  Hydralisk  
  170  9:25  Drone x3  
  173  9:41  Hydralisk x7  
  173  9:42  Hydralisk x6  
  199  10:07  Infestation Pit  
  198  10:09  Zerg Melee Weapons Level 1  
  198  10:15  Muscular Augments  
  196  10:38  Hatchery  
  195  10:44  Hydralisk x2  
  199  11:34  Hive, Extractor  
  199  11:36  Zerg Ground Armor Level 2  
  199  11:39  Hydralisk, Extractor  
  197  11:40  Zergling x2  
  200  12:04  Spore Crawler  
  200  12:06  Spine Crawler, Drone x2  
  200  12:08  Spine Crawler  
  154  12:44  Hydralisk x3  
  154  12:45  Hydralisk x20  
  154  12:46  Hydralisk x8  
  174  13:03  Hydralisk x6  
  174  13:04  Hydralisk x9  
  199  13:56  Zergling x2  
  190  14:24  Hydralisk  
  190  14:25  Hydralisk x6  
  190  14:53  Hydralisk x6  
  199  15:10  Drone  
Tags
 
Composition
MMM Bio
League
GoldGold
Matchup
TvZ
Spawn Locations
Cross Positions
Add a new tag
Caveats
  • Supply blocks, unpowered buildings, or Contaminate may cause inaccurate times.
  • Supply counts are checked every 10 seconds.